 Seeded DCSS version 0.28-a0-1213-g0243856f03 (webtiles) character file.

Game seed: 20211222 (custom seed)

1829 a11behringer the Cleaver (level 9, -1/75 HPs)
             Began as a Hill Orc Cinder Acolyte on Dec 22, 2021.
             Was a Priest of Ignis.
             Slain by an ogre (17 damage)
             ... on level 6 of the Dungeon.
             The game lasted 00:13:57 (5912 turns).

a11behringer the Cleaver (Hill Orc Cinder Acolyte)  Turns: 5912, Time: 00:13:58

Health: -1/75      AC: 13    Str: 21    XL:     9   Next: 11%
Magic:  10/10      EV: 11    Int: 14    God:    Ignis [***...]
Gold:   293        SH:  4    Dex:  6    Spells: 8/10 levels left

rFire   + . .      SeeInvis +   a - +2 hand axe (flame)
rCold   . . .      Faith    .   h - +0 buckler
rNeg    . . .      Spirit   .   E - +0 steam dragon scales
rPois   .          Reflect  .   (no helmet)
rElec   .          Harm     .   (no cloak)
rCorr   .          Rampage  .   (no gloves)
Will    .....                   (no boots)
Stlth   +.........              (no amulet)
HPRegen 0.22/turn               x - ring of see invisible
MPRegen 0.12/turn               l - ring of flight

@: fiery-armoured (expiring), flying
A: no striking features
a: Renounce Religion, Fiery Armour, Foxfire Swarm, Rising Flame


You were on level 6 of the Dungeon.
You worshipped Ignis.
Ignis was most pleased with you.
You visited 1 branch of the dungeon, and saw 6 of its levels.

You collected 293 gold pieces.

Inventory:

Hand Weapons
 a - a +2 hand axe of flaming (weapon)
 e - a +0 war axe
 j - a +0 hunting sling
 F - a +0 shortbow
 G - a +3 trident
 H - a +3 war axe
Missiles
 q - 44 bolts
 r - 29 sling bullets
 t - 12 poisoned darts (quivered)
 v - 49 arrows
Armour
 b - a +0 robe
 d - a +0 ring mail
 g - a +0 tower shield
 h - a +0 buckler (worn)
 E - +0 steam dragon scales (worn)
Jewellery
 l - a ring of flight (right hand)
 x - a ring of see invisible (left hand)
Wands
 i - a wand of digging (5)
 w - a wand of mindburst (14)
 D - a wand of paralysis (11)
Scrolls
 f - 4 scrolls of teleportation {unknown}
 k - a scroll of vulnerability {unknown}
 s - a scroll of identify
 y - 2 scrolls of immolation {unknown}
 z - a scroll of fog {unknown}
 B - a scroll of noise {unknown}
 C - a scroll of fear {unknown}
Potions
 c - 2 potions of mutation {unknown}
 m - a potion of degeneration {unknown}
 n - 3 potions of curing
 o - 4 potions of flight
 p - a potion of lignification {unknown}
 u - a potion of heal wounds {unknown}
 A - a potion of ambrosia {unknown}


   Skills:
 + Level 5.8 Fighting
 * Level 11.0 Axes
 * Level 6.6 Armour
 - Level 0.1 Stealth
 * Level 4.0 Shields
 + Level 1.0 Spellcasting
 + Level 3.4 Fire Magic


You had 8 spell levels left.
You knew the following spells:

 Your Spells              Type           Power      Damage    Failure   Level
a - Scorch                Fire           20%        2d6       10%         2

Your spell library contained the following spells:

 Spells                   Type           Power      Damage    Failure   Level
 Corpse Rot               Necr/Air       0%         N/A       36%         2
 Poisonous Vapours        Pois/Air       0%         N/A       36%         2
 Dispel Undead            Necr           0%         3d6       95%         4
 Passage of Golubria      Tloc           0%         N/A       95%         4
 Silence                  Hex/Air        0%         N/A       100%        5
 Death Channel            Necr           0%         N/A       100%        6
 Lehudib's Crystal Spear  Conj/Erth      0%         10d2      100%        8


Dungeon Overview and Level Annotations

Branches:
Dungeon (6/15)
 Temple: D:4-7

Altars:
Ashenzari
Elyvilon
Nemelex Xobeh


Message History

You barely miss the worm.
The worm is moderately wounded.
The worm splashes around in the water.
You barely miss the worm.
The worm is lightly wounded.
Your shield prevents you from hitting the worm.
The worm is lightly wounded.
The worm barely misses you.
You hit the worm. You burn the worm.
The worm is moderately wounded.
You hit the black bear. You burn the black bear.
The black bear barely misses you. The black bear closely misses you. x2
You hit the worm but do no damage.
The worm is moderately wounded.
You hit the black bear. You burn the black bear.
The black bear closely misses you. You block the black bear's attack.
The black bear claws you but does no damage.
The black bear is burned by your cloak of flames.
The black bear is almost dead.
The worm splashes around in the water.
You barely miss the worm.
The worm is moderately wounded.
You hit the black bear. You burn the black bear.
The black bear goes berserk!
You barely miss the worm.
The worm is moderately wounded.
You hit the black bear. You burn the black bear.
You kill the black bear!
Your Axes skill increases to level 11!
Your Shields skill increases to level 4!
You hit the worm but do no damage.
The worm is moderately wounded.
You hit the ogre. You burn the ogre. The worm misses you.
The ogre completely misses you.
You barely miss the ogre.
The ogre is lightly wounded.
You hit the worm. You burn the worm. You barely miss the ogre.
The ogre is lightly wounded.
You hit the worm. You burn the worm. The ogre hits you with a +0 giant club!
You die...

#. #. #.
#####.#######
.............
#.......##
#.......#
#########.......#
##@w≈≈.≈≈##......##
#O#######≈#......##
#.# #......## #≈#
#......## #≈#
#......## #≈#
#....).# #≈#
#......## #†#
#.......# #≈##
##.####..#


You could see an ogre and a worm.

Vanquished Creatures
  Maggie (D:6)
  Grinder (D:3)
  A wyvern (D:5)
  A sky beast (D:4)
  An ice beast (D:5)
  2 black bears
  An ogre (D:4)
  A centaur (D:6)
  A phantom (D:4)
  A wyvern skeleton (D:6)
  4 wights (D:6)
  2 bullfrog zombies (D:5)
  A hound (D:5)
  A bullfrog skeleton (D:6)
  An iguana (D:5)
  2 orc wizards
  A hound zombie (D:5)
  A hound skeleton (D:5)
  4 adders
  A howler monkey skeleton (D:5)
  2 adder skeletons (D:4)
  2 worms
  2 dart slugs
  17 orcs
  9 ball pythons
  5 endoplasms
  6 giant cockroaches
  7 goblins
  5 hobgoblins
  2 jackals (D:2)
  4 quokkas
  6 bats
  2 frilled lizards
  4 kobolds
  4 rats
106 creatures vanquished.

Vanquished Creatures (others)
  41 foxfires
41 creatures vanquished.

Grand Total: 147 creatures vanquished

Notes
Turn   | Place    | Note
-------+----------+-------------------------------------------
     0 | D:1      | a11behringer the Hill Orc Cinder Acolyte began the quest
                  | for the Orb.
     0 | D:1      | Reached XP level 1. HP: 19/19 MP: 2/2
   349 | D:1      | Reached XP level 2. HP: 17/27 MP: 3/3
  1195 | D:1      | Learned a level 2 spell: Scorch
  1384 | D:2      | Reached XP level 3. HP: 28/33 MP: 4/4
  1700 | D:2      | Reached skill level 5 in Axes
  2062 | D:2      | Reached skill level 1 in Armour
  2212 | D:2      | Reached XP level 4. HP: 39/40 MP: 5/5
  2840 | D:3      | Noticed a black bear
  3052 | D:3      | Reached skill level 1 in Shields
  3125 | D:3      | Found a faded altar of an unknown god.
  3469 | D:3      | Noticed Grinder
  3470 | D:3      | Paralysed by Grinder for 2 turns
  3490 | D:3      | Killed Grinder
  3491 | D:3      | Reached skill level 6 in Axes
  3491 | D:3      | Reached XP level 5. HP: 27/47 MP: 6/6
  3491 | D:3      | Reached XP level 6. HP: 30/53 MP: 7/7
  3800 | D:3      | Killed a black bear
  3801 | D:3      | Reached skill level 7 in Axes
  3916 | D:4      | Noticed a sky beast
  3928 | D:4      | HP: 2/53 [something (6)]
  3929 | D:4      | Killed a sky beast
  3930 | D:4      | Reached XP level 7. HP: 2/60 MP: 8/8
  4241 | D:4      | Reached skill level 8 in Axes
  4847 | D:5      | Entered Level 5 of the Dungeon
  4958 | D:5      | Noticed a wyvern
  4969 | D:5      | Killed a wyvern
  4970 | D:5      | Reached skill level 5 in Fighting
  4970 | D:5      | Reached skill level 5 in Armour
  4970 | D:5      | Reached XP level 8. HP: 42/68 MP: 9/9
  5113 | D:5      | Reached skill level 9 in Axes
  5402 | D:5      | Found a broken altar of Ashenzari.
  5748 | D:6      | Found a sparkling altar of Nemelex Xobeh.
  5749 | D:6      | Found a white marble altar of Elyvilon.
  5797 | D:6      | Noticed Maggie
  5810 | D:6      | Killed Maggie
  5811 | D:6      | Reached skill level 10 in Axes
  5868 | D:6      | Reached XP level 9. HP: 7/74 MP: 10/10
  5910 | D:6      | Reached skill level 11 in Axes
  5912 | D:6      | Slain by an ogre

Illustrated notes

Levels and vault maps discovered:
D:1:      heliophobic_arrival_battle_scene, layout_basic
D:2:      minmay_door_path, layout_loops_corners
D:3:      layout_loops_ring, basic_ecumenical_altar, uniq_grinder
D:4:      layout_basic
D:5:      layout_cave_pools, nicolae_ashenzari_skybound, lemuel_old_faithful
D:6:      layout_basic, mainiacjoe_overflow_divided_tiny,
          minmay_temple_entry_overgrown, gup_sewer_entry_spiral, uniq_pikel,
          uniq_maggie, uniq_edmund

Skill      XL: |  1  2  3  4  5  6  7  8  9 |
---------------+----------------------------+-----
Fighting       | 4 5 |  5.8
Axes           | 5 6 7 8 10 11 | 11.0
Armour         | 1 3 4 5 6 |  6.6
Shields        | 1 2 3 4 |  4.0
Stealth        | |  0.1
Spellcasting   | |  1.0
Fire Magic     | |  3.4

Action                   |  1- 3 |  4- 6 |  7- 9 || total
-------------------------+-------+-------+-------++-------
Melee: Hand axe          |   103 |   108 |   164 ||   375
Invok: Fiery Armour      |       |     2 |     2 ||     4
       Foxfire Swarm     |       |     1 |     1 ||     2
  Use: Scroll            |       |     3 |     2 ||     5
       Potion            |       |       |     1 ||     1
Armor: Robe              |    12 |       |       ||    12
       Ring mail         |    39 |    34 |    34 ||   107
       Steam dragon scal |       |       |    16 ||    16
Dodge: Dodged            |    48 |    41 |    70 ||   159
Block: Buckler           |     6 |    18 |    14 ||    38

Table legend: (Time is in decaauts)
 A = Elapsed time spent in this place.
 B = Non-inter-level travel time spent in this place.
 C = Inter-level travel time spent in this place.
 D = Time resting spent in this place.
 E = Time spent auto-exploring this place.
 F = Levels seen in this place.
 G = Mean time per level.
                   A        B        C        D        E       F      G
               +--------+--------+--------+--------+--------+-----+--------+
         Total |   5907 |   5373 |    534 |    286 |   4311 |   6 |  984.5 |
       Dungeon |   5907 |   5373 |    534 |    286 |   4311 |   6 |  984.5 |
               +--------+--------+--------+--------+--------+-----+--------+

Top non-repeatable levels by time:
     D:2: 1438 daAuts
     D:1: 1238 daAuts
     D:3: 1132 daAuts
     D:4: 1053 daAuts
     D:5: 855 daAuts
     D:6: 190 daAuts
